 Dungeon Crawl Stone Soup version 0.19.0-11-g3fc08b3 (webtiles) character file.

90 thirtiethelement the Sneak (level 4, -3/45 HPs)
             Began as an Octopode Wanderer on Nov 9, 2016.
             Was a Believer of Yredelemnul.
             Slain by Grinder (5 damage)
             ... while paralysed by Grinder
             ... on level 3 of the Dungeon.
             The game lasted 00:11:46 (1288 turns).

thirtiethelement the Sneak (Octopode Wanderer)      Turns: 1288, Time: 00:11:47

Health: -3/45      AC: 22    Str: 11    XL:     4   Next: 56%
Magic:  4/4        EV:  2    Int: 13    God:    Yredelemnul [**....]
Gold:   121        SH:  0    Dex: 13    Spells: 0 memorised, 3 levels left

rFire  . . .     SeeInvis .     a - +3 dagger
rCold  . . .     Gourm    .     (no shield)
rNeg   + + +     Faith    .     (helmet currently unavailable)
rPois  +         Spirit   .     (no amulet)
rElec  .         Reflect  .     (no ring)
rCorr  .         Harm     .     (no ring)
MR     .....     NoTele   +     (no ring)
Stlth  +++.......               (no ring)
                                (no ring)
                                (no ring)
                                (no ring)
                                (no ring)

@: paralysed, tree-form
A: almost no armour, stealthy swim, (amphibious), 8 rings, (constrict 8),
(camouflage 0), (gelatinous body 0)
a: Animate Remains, Recall Undead Slaves, Injury Mirror, Renounce Religion


You were on level 3 of the Dungeon.
You worshipped Yredelemnul.
Yredelemnul was pleased with you.
You were not hungry.
You were a tree.
You visited 1 branch of the dungeon, and saw 3 of its levels.

You collected 121 gold pieces.

Inventory:

Hand Weapons
 a - a +3 dagger (weapon)
Missiles
 h - 50 bolts
Scrolls
 j - a scroll of identify
 k - a scroll of amnesia
Potions
 b - 2 potions of berserk rage
 e - a potion of agility
 l - 2 potions of heal wounds
Comestibles
 f - 2 bread rations
 g - 2 meat rations
 i - a beef jerky


   Skills:
 + Level 2.4 Fighting
 + Level 1.2(1.4) Short Blades
   Level 1.0(1.2) Long Blades
 + Level 1.0 Throwing
 + Level 2.2 Dodging
 * Level 6.3 Stealth
   Level 1.1 Evocations


You had 3 spell levels left.
You didn't know any spells.

Dungeon Overview and Level Annotations

Branches:
Dungeon (3/15)

Altars:
Dithmenos
Kikubaaqudgha
Trog
Yredelemnul

Annotations:
D:3 Grinder


Innate Abilities, Weirdness & Mutations

You cannot wear most types of armour.
You are very stealthy in the water. (Stealth+)
((You are amphibious.))
You can wear up to eight rings at the same time.
((You can use your tentacles to constrict eight enemies at once.))
((Your skin changes colour to match your surroundings (Stealth+).))
((Your rubbery body absorbs attacks. (AC +1, EV +1)))


Message History

Grinder gestures at you.
You suddenly lose the ability to move!
The orc hits you but does no damage. x4
The orc hits you but does no damage. x2; The orc barely misses you.
Grinder hits you but does no damage.
The orc hits you from afar with a trident.
* * * LOW HITPOINT WARNING * * *
The orc hits you but does no damage. x3
Grinder hits you.
* * * LOW HITPOINT WARNING * * *
The orc hits you but does no damage. The orc completely misses you.
The orc hits you.
* * * LOW HITPOINT WARNING * * *
The orc barely misses you. Grinder hits you but does no damage.
The orc hits you from afar with a trident.
* * * LOW HITPOINT WARNING * * *
The orc hits you but does no damage. x3
Grinder hits you.
You die...
Your body rises from the dead as a mindless zombie.

#.....♣P ..... #.....≈♣
..... ##.≈P..P♣♣....
..♣≈...≈P♣≈.. ♣♣♣P≈≈...≈≈P♣
P≈≈≈P....≈≈≈♣ ≈≈≈≈≈..o5≈≈≈♣
≈≈≈≈≈≈oo♣≈≈♣ ≈≈≈≈≈♣≈o.≈≈♣♣
≈P≈≈≈≈....≈≈♣♣##..#.#
≈≈≈≈≈≈...≈P≈♣.##..#.##.##
♣P≈≈≈≈...≈≈P♣............
.≈≈≈≈≈....≈≈.............
....♣≈≈≈P≈...♣.............
.....♣≈P≈≈P.................
.....♣♣≈≈≈♣.......#..#..##.#


You could see Grinder and 4 orcs.

Vanquished Creatures
  An orc wizard (D:3)
  3 adders
  A worm (D:2)
  A dart slug (D:2)
  3 giant cockroaches
  6 goblins
  2 hobgoblins
  2 jackals (D:2)
  6 bats
  3 kobolds
  5 rats
33 creatures vanquished.

Vanquished Creatures (collateral kills)
  3 goblins (D:2)
  A kobold (D:2)
  A bat (D:2)
  A rat (D:2)
6 creatures vanquished.

Vanquished Creatures (others)
  An adder zombie (D:2)
1 creature vanquished.

Grand Total: 40 creatures vanquished

Notes
Turn   | Place    | Note
-------+----------+-------------------------------------------
     0 | D:1      | thirtiethelement the Octopode Wanderer began the quest for the Orb.
     0 | D:1      | thirtiethelement set off with: a +2 dagger, a potion of berserk rage, a potion of curing, a potion of lignification, a bread ration
     0 | D:1      | Reached XP level 1. HP: 14/14 MP: 1/1
   562 | D:2      | Reached XP level 2. HP: 18/19 MP: 2/2
   583 | D:2      | Found a faded altar of an unknown god.
   583 | D:2      | Found a faded altar of an unknown god.
   588 | D:2      | Found a faded altar of an unknown god.
   591 | D:2      | Became a worshipper of Yredelemnul the Dark
   591 | D:2      | Reached * piety under Yredelemnul
   594 | D:2      | Found a faded altar of an unknown god.
   595 | D:2      | Found an ancient bone altar of Kikubaaqudgha.
   640 | D:2      | Reached skill level 5 in Stealth
   689 | D:2      | Found a bloodstained altar of Trog.
   710 | D:2      | Reached XP level 3. HP: 13/25 MP: 3/3
   882 | D:2      | Found a shadowy altar of Dithmenos.
   986 | D:2      | Reached ** piety under Yredelemnul
   999 | D:2      | Found a basalt altar of Yredelemnul.
  1087 | D:3      | Reached skill level 6 in Stealth
  1218 | D:3      | Reached XP level 4. HP: 19/30 MP: 4/4
  1263 | D:3      | Noticed Grinder
  1283 | D:3      | Reached skill level 1 in Short Blades
  1283 | D:3      | Paralysed by Grinder for 6 turns
  1287 | D:3      | HP: 2/45 [orc/trident (3)]
  1288 | D:3      | Slain by Grinder

Skill      XL: |  1  2  3  4 |
---------------+-------------+-----
Stealth        | 5 6 |  6.3
Short Blades   | 1 |  1.2
Fighting       | |  2.4
Long Blades    | |  1.0
Throwing       | |  1.0
Dodging        | |  2.2
Evocations     | |  1.1

Action                   |  1- 3 |  4- 6 || total
-------------------------+-------+-------++-------
Melee: Dagger            |    59 |    18 ||    77
       Constrict         |    15 |       ||    15
       Tentacles         |     6 |       ||     6
Invok: Animate Remains   |     2 |       ||     2
  Use: Scroll            |     6 |     1 ||     7
       Potion            |     1 |     2 ||     3
 Stab: Sleeping          |    10 |       ||    10
  Eat: Bread ration      |     1 |       ||     1
Armor: Skin              |     5 |    81 ||    86
Dodge: Dodged            |    39 |    11 ||    50
